 Dungeon Crawl Stone Soup version 0.22-a0-240-g539252a (webtiles) character file.

298 mortelune the Chiller (level 6, -4/41 HPs)
             Began as a Demonspawn Ice Elementalist on Feb 21, 2018.
             Killed by divine providence
             ... invoked by an orc priest
              (13 damage)
             ... on level 4 of the Dungeon.
             The game lasted 00:11:25 (5409 turns).

mortelune the Chiller (Demonspawn Ice Elementalist) Turns: 5409, Time: 00:11:25

Health: -4/41      AC:  8    Str:  8    XL:     6   Next: 13%
Magic:  0/11       EV: 12    Int: 18    God:
Gold:   144        SH:  0    Dex: 14    Spells: 6/12 levels left

rFire    + . .     SeeInvis .   j - +0 mace
rCold    + . .     Gourm    .   (no shield)
rNeg     . . .     Faith    .   a - +0 robe
rPois    +         Spirit   +   (no helmet)
rElec    +         Reflect  .   (no cloak)
rCorr    +         Harm     .   (no gloves)
MR       +....                  u - +0 pair of boots (curse)
Stlth    +++.......             (no amulet)
HPRegen  0.13/turn              e - ring of protection from magic
MPRegen  0.12/turn              (no ring)

@: icy armour, about to teleport, resistant, slow
A: nightstalker 1, magic shield
a: no special abilities


You were on level 4 of the Dungeon.
You were not hungry.

You visited 1 branch of the dungeon, and saw 4 of its levels.

You collected 144 gold pieces.

Inventory:

Hand Weapons
 d - a +0 short sword
 f - a +1 vampiric short sword
 g - a +0 dagger of speed
 j - a +0 mace (weapon)
Armour
 a - a +0 robe (worn)
 u - a cursed +0 pair of boots (worn)
Jewellery
 e - a ring of protection from magic (left hand)
Scrolls
 h - a scroll of random uselessness {unknown}
 i - a scroll of blinking {unknown}
 k - a scroll of remove curse {unknown}
 p - 2 scrolls of amnesia
 r - a scroll of enchant weapon {unknown}
Potions
 m - a potion of resistance
 n - a potion of curing {unknown}
 o - 2 potions of mutation
 q - a potion of might {unknown}
 s - 2 potions of agility
 t - a potion of flight {unknown}
 v - a potion of heal wounds {unknown}
 w - 2 potions of lignification
Comestibles
 b - 8 rations
 c - 2 chunks of flesh


   Skills:
 - Level 1.7 Dodging
 - Level 1.7 Stealth
 + Level 3.5 Spellcasting
 + Level 2.9 Conjurations
 * Level 4.8 Ice Magic


You had 6 spell levels left.
You knew the following spells:

 Your Spells              Type           Power        Failure   Level  Hunger
a - Freeze                Ice            ###.         1%          1    None
b - Throw Frost           Conj/Ice       ###...       4%          2    ##.....
c - Ozocubu's Armour      Chrm/Ice       ##......     17%         3    ###....


Dungeon Overview and Level Annotations

Branches:
Dungeon (4/15)
 Temple: D:4-7

Altars:
Fedhas
Gozag
Trog
Vehumet

Shops:
D:4 [

Annotations:
D:4 asdu's ghost, amateur HaCK


Innate Abilities, Weirdness & Mutations

You are slightly more attuned to the shadows.
When hurt, damage is shared between your health and your magic reserves.


Message History

The orc priest is almost dead.
The orc wizard gestures at you while chanting.
The puff of frost hits you!
* * * LOW HITPOINT WARNING * * *
The orc priest miscasts a cantrip.
Casting: Freeze (safe; 1% risk of failure)
Confirm with . or Enter, or press ? or * to list all spells.
You don't have enough magic to cast that spell.
Unknown command.
You feel protected.
The orc wizard gestures at you while chanting.
The magic dart hits you! The orc wizard barely misses you.
The orc priest hits you with a short sword.
* * * LOW HITPOINT WARNING * * *
Okay, then.
As you read the scroll of teleportation, it crumbles to dust.
You feel strangely unstable. The orc wizard closely misses you.
The orc priest calls down the wrath of Beogh upon you.
Beogh smites you!
You die...

.# # ####### # #....#
#§§≈≈≈# # #....# #§≈.≈≈# #
# #....# #≈.∩.≈# ## #.
#....# #≈§§≈§# ... ##..
#....#####≈≈.≈≈#....
.....##.o......###'###...#
........o@..o......>#.....
(.......##........#.#.#...
..#....÷####......#.#.#...
#.....####.##...#.#.#..#
#.....##........#.#.#...
#.....##........#.#.#...
#.....##........#.#.#.#.
#........'.....#.
#........#.#.###.


You could see an orc priest and 2 orc wizards.

Vanquished Creatures
  A hound (D:4)
  Jessica (D:3)
  Natasha (thrice) (D:2)
  A worker ant (D:4)
  5 adders
  3 worms
  4 dart slugs (D:1)
  2 leopard geckos
  3 orcs
  5 bats
  5 giant cockroaches
  8 goblins
  8 hobgoblins
  4 jackals (D:2)
  4 quokkas
  5 frilled lizards
  11 kobolds
  5 rats
78 creatures vanquished.

Notes
Turn   | Place    | Note
-------+----------+-------------------------------------------
     0 | D:1      | mortelune the Demonspawn Ice Elementalist began the quest for the Orb.
     0 | D:1      | Reached XP level 1. HP: 13/13 MP: 3/3
   369 | D:1      | Reached skill level 3 in Ice Magic
   369 | D:1      | Gained mutation: You are slightly more attuned to the shadows. [demonic ancestry]
   369 | D:1      | Reached XP level 2. HP: 18/19 MP: 3/5
   373 | D:1      | Learned a level 2 spell: Throw Frost
  1145 | D:1      | Gained mutation: When hurt, damage is shared between your health and your magic reserves. [demonic ancestry]
  1145 | D:1      | Reached XP level 3. HP: 21/24 MP: 0/6
  1436 | D:2      | Noticed Natasha
  1446 | D:2      | Killed Natasha
  1480 | D:2      | Noticed Natasha
  1487 | D:2      | Killed Natasha
  1487 | D:2      | Reached XP level 4. HP: 23/30 MP: 0/8
  2169 | D:2      | Found a blossoming altar of Fedhas.
  2235 | D:2      | Noticed Natasha
  2243 | D:2      | Killed Natasha
  2243 | D:2      | Reached skill level 4 in Ice Magic
  2549 | D:2      | Reached XP level 5. HP: 35/35 MP: 6/9
  2604 | D:2      | Learned a level 3 spell: Ozocubu's Armour
  2843 | D:2      | Found an opulent altar of Gozag.
  3809 | D:3      | Noticed Jessica
  3811 | D:3      | Killed Jessica
  4195 | D:3      | Found a bloodstained altar of Trog.
  4909 | D:4      | Found a radiant altar of Vehumet.
  4915 | D:4      | Noticed asdu's ghost (amateur HaCK)
  5189 | D:4      | Reached XP level 6. HP: 24/41 MP: 0/11
  5201 | D:4      | Found Gellaenn's Antique Armour Shop.
  5409 | D:4      | Killed from afar by an orc priest

Vault maps used:
D:1:      dpeg_arrival_leaves_temple_mockup, supply_closet_lemuel
D:2:      lemuel_round_altar, grunt_gozag_breadcrumbs,
          kennysheep_generic_room_12, uniq_natasha
D:3:      lightli_temple_of_fire, first_ration, st_stairs_8, uniq_jessica
D:4:      wad_woods_tower, vehumet_crystals, serial_shops,
          kennysheep_little_box, serial_forest, infiniplex_forest_lined_room_3,
          infiniplex_forest_clump_large, infiniplex_forest_straight_2,
          infiniplex_forest_straight_4, infiniplex_forest_straight_3,
          uniq_menkaure

Skill      XL: |  1  2  3  4 |
---------------+-------------+-----
Ice Magic      | 3 4 |  4.8
Conjurations   | 2 |  2.9
Spellcasting   | 3 |  3.5
Dodging        | |  1.7
Stealth        | |  1.7

Action                   |  1- 3 |  4- 6 || total
-------------------------+-------+-------++-------
Melee: Short sword       |     2 |       ||     2
       Mace              |     4 |     9 ||    13
 Cast: Freeze            |    27 |    67 ||    94
       Throw Frost       |    13 |    51 ||    64
       Ozocubu's Armour  |       |     1 ||     1
  Use: Scroll            |       |     7 ||     7
       Potion            |       |     1 ||     1
  Eat: Chunk             |     3 |     7 ||    10
       Ration            |       |     2 ||     2
Armor: Robe              |     6 |    11 ||    17
Dodge: Dodged            |    22 |    41 ||    63

Table legend:
 A = Spawn XP
 B = Non-spawn XP
 C = Spawn XP percentage of total XP
 D = Spawn monster count
 E = Non-spawn monster count
 F = Spawn count percentage of total count
 G = Total turns spent on level
                    A         B        C        D         E        F      G
               +---------+---------+-------+---------+---------+-------+---------
         Total |       0 |     427 |   0.0 |       0 |      78 |   0.0 |  5409
               +---------+---------+-------+---------+---------+-------+---------
           D:1 |       0 |      43 |   0.0 |       0 |      20 |   0.0 |  1361
           D:2 |       0 |     165 |   0.0 |       0 |      27 |   0.0 |  1902
           D:3 |       0 |     131 |   0.0 |       0 |      25 |   0.0 |  1576
           D:4 |       0 |      88 |   0.0 |       0 |       6 |   0.0 |   570
               +---------+---------+-------+---------+---------+-------+---------
